Map: Ever Dream LE

Players

Arctur

  • Race: Terran Terran
  • Spawn Location: 7:00

LiquidClem (Clem) - Winner!

  • Race: Terran Terran
  • League: Master
  • Spawn Location: 1:00

Event: DreamHack SC2 Masters 2020 Summer Europe

VOD

Have the link to the VOD?

Description

Time

  • Played on: July 2, 2020, 12:42 p.m.
  • Length: 12:52

All games in this series

Show
View Real Time Build Order
Export as new Build Order

Arctur Terran 

Build Orders: Gas First Reaper Expand 

Get SALT Encoding   

  12  0:00  SCV  
  13  0:13  SCV  
  14  0:17  Supply Depot  
  14  0:25  SCV  
  14  0:27  Refinery  
  15  0:38  SCV  
  16  0:44  Barracks  
  16  0:50  SCV  
  17  1:02  SCV  
  18  1:17  SCV  
  19  1:31  Orbital Command  
  19  1:34  Reaper  
  20  1:46  Command Center  
  20  1:56  Factory  
  20  2:00  SCV  
  21  2:07  Barracks Reactor  
  21  2:11  Supply Depot  
  21  2:13  SCV  
  22  2:19  Refinery  
  22  2:25  SCV  
  23  2:38  SCV  
  23  2:41  Hellion  
  23  2:43  Marine x2  
  28  2:46  Starport  
  28  2:50  SCV  
  29  3:01  Marine x2  
  29  3:03  Factory Tech Lab  
  29  3:04  Orbital Command  
  31  3:06  SCV  
  32  3:18  SCV  
  33  3:23  Cyclone, Orbital Command  
  33  3:25  Starport Tech Lab, Marine x2  
  38  3:30  SCV  
  38  3:42  SCV  
  38  3:44  Refinery  
  38  3:45  Supply Depot  
  39  3:53  SCV  
  39  3:54  Raven  
  39  3:55  Marine x2, SCV  
  45  4:05  SCV  
  45  4:07  SCV  
  45  4:08  Supply Depot  
  47  4:13  Siege Tank  
  50  4:20  SCV x2  
  48  4:32  SCV x2  
  48  4:35  Command Center  
  48  4:37  Supply Depot  
  48  4:38  Raven  
  52  4:39  Marine  
  52  4:42  Marine  
  52  4:44  SCV  
  55  4:46  SCV  
  55  4:51  Refinery, Supply Depot  
  56  4:55  Siege Tank  
  56  4:57  Marine  
  56  4:59  SCV x2  
  62  5:02  Marine  
  63  5:11  SCV x2  
  63  5:13  Supply Depot  
  65  5:21  Barracks  
  65  5:22  Raven, Barracks  
  65  5:23  SCV  
  65  5:25  SCV  
  69  5:29  Siege Tank  
  69  5:31  Marine  
  69  5:35  SCV  
  74  5:37  SCV  
  74  5:41  Supply Depot  
  75  5:47  SCV  
  75  5:49  Orbital Command, SCV  
  77  5:55  Engineering Bay  
  77  5:56  Engineering Bay  
  77  5:59  SCV  
  77  6:01  SCV  
  77  6:02  Siege Tank  
  82  6:11  Stimpack, Marine, SCV  
  82  6:13  Viking  
  82  6:15  Viking  
  82  6:18  SCV x2  
  88  6:22  Barracks Reactor x2  
  88  6:28  Orbital Command  
  88  6:29  Marine  
  89  6:33  SCV x2  
  89  6:38  Siege Tank  
  94  6:43  Viking  
  94  6:45  SCV, Viking  
  99  6:54  Marine  
  99  6:55  Terran Infantry Armor Level 1  
  99  6:56  SCV  
  99  6:57  SCV  
  99  6:58  SCV  
  103  7:04  Refinery, Terran Infantry Weapons Level 1, Marine x2  
  103  7:05  Refinery, Marine x2  
  107  7:08  SCV  
  107  7:09  Barracks  
  107  7:10  Barracks  
  107  7:11  SCV  
  107  7:15  Supply Depot  
  109  7:17  Supply Depot, Marine, SCV  
  109  7:22  Marine x2, Medivac x2  
  117  7:34  SCV  
  117  7:36  Marine x2  
  117  7:37  Siege Tank, SCV x2  
  95  7:46  Marine x2  
  95  7:48  Marine, SCV  
  95  7:49  SCV  
  79  7:54  Marine x2  
  79  7:56  SCV  
  81  8:00  SCV, Medivac x2  
  81  8:01  SCV  
  81  8:04  Combat Shield, Marine x2  
  87  8:05  Marine  
  87  8:06  Barracks Reactor  
  87  8:07  Barracks Reactor  
  87  8:08  SCV  
  87  8:12  Marine x2, SCV  
  92  8:13  SCV  
  92  8:17  Armory  
  93  8:20  SCV  
  93  8:24  SCV  
  93  8:25  SCV  
  93  8:26  Siege Tank, Marine  
  100  8:33  SCV  
  101  8:34  Marine x4  
  101  8:36  SCV  
  101  8:37  SCV  
  107  8:42  Marine x2  
  107  8:43  Marine x2  
  107  8:44  Marine  
  107  8:45  SCV  
  112  8:49  SCV x2  
  112  8:52  Marine x4  
  114  8:57  SCV  
  114  9:00  Marine x2  
  114  9:01  Marine x2, SCV x2  
  114  9:02  Marine  
  117  9:09  Siege Tank, Marine x2, SCV  
  120  9:10  Marine  
  120  9:13  SCV x2  
  120  9:14  Marine  
  126  9:18  Marine  
  126  9:19  Terran Infantry Weapons Level 2, Terran Infantry Armor Level 2  
  126  9:21  SCV  
  126  9:22  Marine x3  
  130  9:30  Marine x2  
  130  9:31  Marine  
  133  9:35  Marine  
  133  9:36  SCV  
  133  9:37  Supply Depot  
  133  9:38  Marine  
  133  9:40  Marine  
  133  9:44  Marine  
  133  9:46  Marine  
  133  9:48  Supply Depot  
  133  9:58  Siege Tank, Marine x3  
  133  9:59  Command Center  
  139  10:09  Medivac  
  139  10:10  Medivac  
  143  10:18  Marine x6  
  143  10:19  Sensor Tower x2  
  149  10:25  SCV  
  149  10:27  Barracks Reactor  
  149  10:28  Marine  
  140  10:29  Marine  
  140  10:30  Siege Tank  
  120  10:36  Marine x6  
  116  10:46  Marine x2  
  116  10:48  SCV  
  115  10:54  Marine x6  
  121  11:02  Siege Tank  
  121  11:03  Marine  
  121  11:04  Factory, Marine  
  125  11:07  Sensor Tower  
  125  11:08  Marine x2  
  127  11:12  Marine x6  
  127  11:18  Viking  
  135  11:21  Marine  
  135  11:22  Marine  
  137  11:25  Marine x2  
  137  11:29  Marine x2  
  137  11:30  Marine x2  
  134  11:34  Siege Tank  
  134  11:38  Marine x2  
  122  11:40  Marine x2  
  122  11:43  Marine x2, SCV x2  
  106  11:47  Marine x4  
  106  11:56  Marine  
Show
View Real Time Build Order
Export as new Build Order

LiquidClem Terran - Winner!

Build Orders:  

Get SALT Encoding   

  12  0:00  SCV  
  13  0:12  SCV  
  14  0:17  Supply Depot  
  14  0:24  SCV  
  15  0:29  Refinery  
  15  0:38  SCV  
  16  0:43  Barracks  
  16  0:50  SCV  
  16  0:54  Refinery  
  17  1:02  SCV  
  18  1:15  SCV  
  19  1:30  Orbital Command, Reaper  
  20  1:35  Factory  
  20  1:42  Supply Depot  
  20  1:56  SCV  
  21  2:02  Reaper  
  21  2:08  SCV  
  23  2:18  Hellion  
  23  2:20  SCV  
  26  2:27  Command Center  
  26  2:32  SCV  
  27  2:42  Barracks Tech Lab  
  27  2:43  Starport  
  27  2:45  Hellion  
  27  2:48  SCV  
  30  2:53  Supply Depot  
  30  3:00  SCV  
  31  3:15  Cyclone, SCV  
  35  3:20  Starport Tech Lab  
  35  3:21  Marine  
  36  3:27  Refinery, SCV  
  36  3:38  Orbital Command  
  36  3:39  SCV  
  36  3:40  Raven  
  39  3:47  Barracks Reactor  
  39  3:51  SCV  
  39  3:53  Supply Depot  
  40  4:01  Cyclone  
  43  4:03  SCV  
  43  4:04  SCV  
  44  4:15  SCV  
  44  4:16  SCV  
  43  4:25  Raven  
  43  4:26  Marine x2  
  43  4:28  SCV x2  
  49  4:40  SCV  
  49  4:41  Siege Tank, SCV  
  49  4:43  Supply Depot  
  54  4:47  Command Center  
  54  4:50  Marine x2  
  56  4:53  SCV  
  56  4:54  SCV  
  58  5:03  Supply Depot  
  58  5:05  SCV  
  58  5:06  SCV  
  60  5:11  Refinery  
  60  5:15  Siege Tank  
  60  5:17  SCV  
  60  5:18  Viking  
  66  5:21  Viking  
  66  5:26  SCV  
  66  5:28  Supply Depot  
  69  5:29  SCV  
  69  5:30  Marine  
  69  5:33  Stimpack  
  71  5:39  SCV  
  72  5:44  Barracks  
  72  5:45  Barracks  
  72  5:46  SCV  
  72  5:49  Marine  
  74  5:53  Siege Tank  
  74  5:56  SCV  
  78  6:00  Viking  
  80  6:05  Viking  
  80  6:08  SCV x2  
  84  6:15  Supply Depot, SCV  
  84  6:16  Marine  
  86  6:20  SCV  
  87  6:26  SCV  
  87  6:27  Engineering Bay x2  
  88  6:34  Siege Tank  
  88  6:36  Barracks Reactor x2  
  88  6:39  SCV x2  
  93  6:44  Viking  
  95  6:48  Viking  
  95  6:50  Marine  
  95  6:52  SCV  
  99  6:59  SCV  
  99  7:01  Supply Depot  
  100  7:03  Orbital Command  
  100  7:06  SCV  
  101  7:10  Marine, Terran Infantry Weapons Level 1, Terran Infantry Armor Level 1  
  101  7:14  Marine x4  
  106  7:20  Supply Depot, SCV x2  
  108  7:26  Barracks  
  109  7:31  Barracks  
  109  7:33  Siege Tank, Marine  
  109  7:35  Marine  
  113  7:43  Marine  
  113  7:44  SCV  
  104  7:48  Marine  
  104  7:49  SCV  
  86  7:52  Marine  
  86  7:53  SCV  
  86  7:55  Marine  
  86  7:56  Marine, Medivac  
  86  7:57  Medivac  
  87  8:02  SCV x2  
  87  8:04  Refinery, Marine  
  87  8:05  Sensor Tower, Siege Tank, Combat Shield  
  93  8:06  Refinery  
  93  8:07  Marine  
  93  8:10  Marine, SCV  
  96  8:13  Marine  
  96  8:14  Barracks Reactor, SCV  
  96  8:15  Marine  
  96  8:18  SCV  
  100  8:22  Barracks Reactor, Marine, Armory  
  100  8:24  SCV  
  100  8:26  SCV  
  100  8:27  Marine  
  103  8:30  Marine, SCV  
  103  8:33  Marine  
  103  8:34  Marine  
  108  8:36  SCV  
  108  8:38  Factory, SCV  
  108  8:39  Marine  
  108  8:40  Supply Depot  
  111  8:42  SCV  
  111  8:44  Siege Tank, Marine  
  116  8:48  Marine  
  116  8:49  Supply Depot  
  116  8:51  Marine x2  
  116  8:52  Marine x2  
  121  8:57  Marine  
  121  8:59  Marine  
  121  9:00  Marine  
  121  9:02  Marine  
  122  9:05  Medivac x2  
  122  9:06  Marine  
  122  9:08  Terran Infantry Weapons Level 2  
  122  9:09  Supply Depot, Marine  
  130  9:12  Terran Infantry Armor Level 2  
  130  9:20  Command Center  
  130  9:23  Terran Vehicle Weapons Level 1  
  130  9:28  Marine x3  
  132  9:31  Siege Tank  
  132  9:32  Marine, Missile Turret  
  132  9:33  Marine  
  132  9:34  Barracks Reactor, Marine  
  132  9:35  Marine  
  132  9:37  Marine  
  140  9:42  Siege Tank  
  141  9:46  Marine x2  
  141  9:47  Supply Depot  
  141  9:48  Marine  
  141  9:50  Marine  
  141  9:51  Marine  
  141  9:52  Marine  
  147  9:53  Marine  
  147  9:57  Marine  
  149  10:02  Supply Depot  
  149  10:03  Supply Depot  
  149  10:05  Siege Tank, Marine x3, Medivac  
  157  10:09  Marine  
  157  10:11  Marine x2  
  157  10:14  Siege Tank  
  163  10:16  Supply Depot, Marine x2  
  165  10:23  Marine x2  
  152  10:28  Marine  
  152  10:29  Marine x2  
  152  10:31  Marine x2  
  152  10:32  Viking  
  152  10:35  Marine  
  144  10:37  Marine x2  
  144  10:38  Siege Tank  
  146  10:43  Marine  
  146  10:49  Siege Tank  
  150  10:50  Marine x2  
  150  10:52  Marine x2  
  150  10:53  Marine x3  
  150  10:55  Marine  
  158  10:57  Viking  
  158  10:58  Sensor Tower  
  158  11:02  Planetary Fortress  
  160  11:04  Missile Turret  
  160  11:08  Marine x4  
  160  11:10  Siege Tank, Marine  
  168  11:17  Marine x3  
  168  11:18  Marine  
  172  11:19  Marine  
  172  11:23  Refinery  
  172  11:24  Refinery, Siege Tank  
  176  11:26  Marine x4  
  176  11:28  Marine  
  179  11:35  Marine  
  179  11:37  Viking  
  179  11:38  Viking  
  179  11:39  Marine  
  175  11:42  Marine x2  
  175  11:43  Marine  
  175  11:44  Marine x3  
  175  11:46  Siege Tank  
  176  11:56  Siege Tank  
Tags
 
Add a new tag
Caveats
  • Supply blocks, unpowered buildings, or Contaminate may cause inaccurate times.
  • Supply counts are checked every 10 seconds.